 Dungeon Crawl Stone Soup version 0.22-a0-458-gb446440d2e (webtiles) character file.

288 Kaname the Conjurer (level 6, 41/41 HPs)
             Began as a Demonspawn Wizard on June 8, 2018.
             Quit the game on level 3 of the Dungeon.
             The game lasted 00:05:46 (2584 turns).

Kaname the Conjurer (Demonspawn Wizard)             Turns: 2584, Time: 00:05:47

Health: 41/41      AC:  7    Str:  8    XL:     6   Next: 9%
Magic:  5/10       EV: 11    Int: 21    God:
Gold:   89         SH:  0    Dex: 11    Spells: 2/11 levels left

rFire    + . .     SeeInvis .   t - +0 short sword
rCold    + . .     Gourm    .   (no shield)
rNeg     . . .     Faith    .   c - +1 leather armour {rC+}
rPois    .         Spirit   .   b - +0 hat
rElec    .         Reflect  .   h - +0 cloak
rCorr    .         Harm     .   i - +1 pair of gloves
MR       .....                  (no boots)
Stlth    ++........             (no amulet)
HPRegen  0.13/turn              (no ring)
MPRegen  0.12/turn              (no ring)

@: no status effects
A: claws 1, demonic guardian 1, fire resistance 1, sanguine armour 1
a: no special abilities


You were on level 3 of the Dungeon.
You were not hungry.

You visited 1 branch of the dungeon, and saw 3 of its levels.

You collected 89 gold pieces.

Inventory:

Hand Weapons
 t - a +0 short sword (weapon)
Missiles
 e - 40 arrows
Armour
 b - a +0 hat (worn)
 c - a +1 leather armour of cold resistance (worn)
 h - a +0 cloak (worn)
 i - a +1 pair of gloves (worn)
Scrolls
 g - 2 scrolls of magic mapping {unknown}
 j - a scroll of amnesia {unknown}
 k - a scroll of enchant weapon {unknown}
 o - a scroll of random uselessness {unknown}
 q - a scroll of remove curse {unknown}
 r - a scroll of noise {unknown}
 s - a scroll of identify {unknown}
Potions
 f - a potion of invisibility {unknown}
 l - 2 potions of curing {unknown}
 m - a potion of mutation {unknown}
 n - a potion of brilliance {unknown}
 p - a potion of magic {unknown}
Comestibles
 a - 2 chunks of flesh
 d - 10 rations


   Skills:
 - Level 1.7 Dodging
 + Level 3.9 Stealth
 - Level 3.0 Spellcasting
 - Level 5.0 Conjurations
   Level 1.0 Summonings
 - Level 0.8 Translocations


You had 2 spell levels left.
You knew the following spells:

 Your Spells              Type           Power        Failure   Level  Hunger
a - Magic Dart            Conj           ###.         2%          1    None
b - Blink                 Tloc           N/A          21%         2    ##.....
c - Mephitic Cloud        Conj/Pois/Air  ##......     28%         3    ###....
d - Conjure Flame         Conj/Fire      ##......     21%         3    ###....

Your spell library contained the following spells:

 Spells                   Type           Power        Failure   Level  Hunger
 Slow                     Hex            #.......     28%         2    ##.....
 Call Imp                 Summ           #.......     19%         2    ##.....


Dungeon Overview and Level Annotations

Branches:
Dungeon (3/15)

Altars:
Nemelex Xobeh


Innate Abilities, Weirdness & Mutations

You have sharp fingernails.
A weak demonic guardian rushes to your aid.
Your flesh is heat resistant. (rF+)
When seriously injured, your bleeding wounds create armour. (AC +0)


Message History

Your demonic guardian avoids your attack.
The magic dart hits Natasha.
Natasha is severely wounded.
Natasha casts a spell at you.
Your shadow imp seems to slow down.
Casting: Magic Dart (safe; 2% risk of failure)
Confirm with . or Enter, or press ? or * to list all spells.
Aiming: Magic Dart (safe; 2% risk of failure)
Press: ? - help, Shift-Dir - straight line, f/p - Natasha
Aim: Natasha (severely wounded)
The magic dart hits Natasha.
You kill Natasha!
Natasha growls in agony!
The crimson imp disappears in a puff of smoke!
You have reached level 6!
Your experience leads to an increase in your attributes!
Increase (S)trength, (I)ntelligence, or (D)exterity?
You feel clever.
Your demonic ancestry asserts itself...
You feel your blood ready itself to protect you.
Are you sure you want to abandon this character and quit the game? (Confirm with "yes".)

.#.#######
.#.###...#
.....+...#
.........#
.##≈≈....#
##≈≈##≈..####.#
≈≈≈#≈≈#.......#
≈≈≈≈≈≈##.##########
≈#≈≈≈#≈≈.'>...†.@.#
≈≈≈≈≈≈≈#.########.#
≈#≈≈#≈##..# .5.
≈≈≈≈≈≈#...# .....
##≈≈#≈#...# .......
.#≈##.....# .†..###
..........# ....#
########### ....#
###


You could see a friendly shadow imp.

Vanquished Creatures
  Sigmund (D:3)
  An ogre (D:2)
  Natasha (D:3)
  3 adders
  An ooze (D:2)
  3 worms
  4 dart slugs
  6 leopard geckos
  4 orcs (D:3)
  2 goblins (D:3)
  3 hobgoblins
  3 jackals (D:2)
  A quokka (D:3)
  2 ball pythons (D:2)
  6 bats
  2 frilled lizards
  4 kobolds
  5 rats
52 creatures vanquished.

Notes
Turn   | Place    | Note
-------+----------+-------------------------------------------
     0 | D:1      | Kaname the Demonspawn Wizard began the quest for the Orb.
     0 | D:1      | Reached XP level 1. HP: 13/13 MP: 4/4
   255 | D:1      | Reached skill level 2 in Conjurations
   268 | D:1      | Gained mutation: Your flesh is heat resistant. (rF+) [demonic ancestry]
   268 | D:1      | Reached XP level 2. HP: 15/19 MP: 0/6
  1159 | D:2      | Reached skill level 3 in Conjurations
  1159 | D:2      | Gained mutation: A weak demonic guardian rushes to your aid. [demonic ancestry]
  1159 | D:2      | Reached XP level 3. HP: 23/24 MP: 0/7
  1268 | D:2      | Learned a level 2 spell: Blink
  1272 | D:2      | Learned a level 3 spell: Mephitic Cloud
  1397 | D:2      | Noticed an ogre
  1405 | D:2      | Killed an ogre
  1405 | D:2      | Reached skill level 4 in Conjurations
  1405 | D:2      | Gained mutation: You have sharp fingernails. [demonic ancestry]
  1405 | D:2      | Reached XP level 4. HP: 14/30 MP: 0/8
  1539 | D:2      | Learned a level 3 spell: Conjure Flame
  1616 | D:2      | Found a sparkling altar of Nemelex Xobeh.
  2102 | D:3      | Reached XP level 5. HP: 35/35 MP: 3/9
  2153 | D:3      | Reached skill level 5 in Conjurations
  2415 | D:3      | Noticed Sigmund
  2457 | D:3      | Killed Sigmund
  2575 | D:3      | Noticed Natasha
  2583 | D:3      | Killed Natasha
  2583 | D:3      | Gained mutation: When seriously injured, your bleeding wounds create armour. (AC +0) [demonic ancestry]
  2583 | D:3      | Reached XP level 6. HP: 41/41 MP: 5/10
  2584 | D:3      | Quit the game

Vault maps used:
D:1:      ncdulo_wetmaze, patterned_corridor
D:2:      nemelex_diamond_rough_becter
D:3:      hangedman_abyss_or_decor_stabs, minivault_4,
          kennysheep_generic_room_6, uniq_sigmund, uniq_natasha

Skill      XL: |  1  2  3  4  5 |
---------------+----------------+-----
Conjurations   | 2 3 4 5 |  5.0
Stealth        | 3 |  3.9
Dodging        | |  1.7
Spellcasting   | |  3.0
Summonings     | |  1.0
Translocations | |  0.8

Action                   |  1- 3 |  4- 6 || total
-------------------------+-------+-------++-------
Melee: Dagger            |    92 |    18 ||   110
       Short sword       |       |    10 ||    10
 Cast: Magic Dart        |    50 |    66 ||   116
       Mephitic Cloud    |       |     1 ||     1
 Stab: Sleeping          |       |     1 ||     1
  Eat: Chunk             |     2 |     3 ||     5
Armor: Robe              |    20 |     4 ||    24
       Leather armour    |       |     1 ||     1
Dodge: Dodged            |    74 |    16 ||    90

Table legend:
 A = Spawn XP
 B = Non-spawn XP
 C = Spawn XP percentage of total XP
 D = Spawn monster count
 E = Non-spawn monster count
 F = Spawn count percentage of total count
 G = Total turns spent on level
                    A         B        C        D         E        F      G
               +---------+---------+-------+---------+---------+-------+---------
         Total |       0 |     412 |   0.0 |       0 |      52 |   0.0 |  2584
               +---------+---------+-------+---------+---------+-------+---------
           D:1 |       0 |      28 |   0.0 |       0 |      14 |   0.0 |  1099
           D:2 |       0 |     164 |   0.0 |       0 |      18 |   0.0 |   937
           D:3 |       0 |     220 |   0.0 |       0 |      20 |   0.0 |   548
               +---------+---------+-------+---------+---------+-------+---------
